 Dungeon Crawl Stone Soup version 0.17-a0-1642-gd4b747b (webtiles) character file.

192980 maniek23 the Champion of Chaos (level 18, -13/141 HPs)
             Began as a Demonspawn Assassin on Aug 5, 2015.
             Was the Champion of Makhleb.
             Mangled by a greater naga
             ... wielding a +0 flail
              (29 damage)
             ... on level 4 of the Snake Pit on Aug 8, 2015.
             The game lasted 05:56:57 (40830 turns).

maniek23 the Champion of Chaos (DsAs)              Turns: 40830, Time: 05:56:57

Health: -13/141    AC: 26    Str: 10    XL:     18   Next: 5%
Magic:  28/37      EV: 18    Int: 21    God:    Makhleb [******]
Gold:   1095       SH: 13    Dex: 20    Spells: 7 memorised, 10 levels left

rFire  + + .     SeeInvis .     a - +7 short sword "Rehois" {elec, *Rage rElec rC+}
rCold  + + .     Clarity  +     r - +6 leather armour "Ohiphi" {rF+ Regen+ Str-2 Int+7}
rNeg   . . .     SustAt   .     F - +3 buckler {AC+3}
rPois  +         Gourm    .     K - +1 helmet of the Raven {rF+ Stlth+}
rElec  +         Spirit   .     w - +2 cloak {MR+}
rCorr  .         Warding  .     C - +2 pair of gloves
rMut   .         Stasis   .     (no boots)
MR     +++..                    e - amulet of clarity
Stlth  +++++++...               X - ring of invisibility
                                R - ring of Qoproaxa {rPois rC+ MP+9 Str-3 Stlth+}

@: lethally poisoned (-13 -> -15), exhausted, very slightly contaminated,
slowed, constricted, very slow, extremely resistant to hostile enchantments,
extremely stealthy
A: hooves 2, large bone plates 3, demonic guardian 2, magic resistance 1, sense
surroundings 1, poison resistance, powered by death 2, robust 1, strong 1, wild
magic 2, evolution 1
a: Minor Destruction, Lesser Servant of Makhleb, Major Destruction, Greater
Servant of Makhleb, Renounce Religion, Evoke Invisibility


You were on level 4 of the Snake Pit.
You worshipped Makhleb.
Makhleb was exalted by your worship.
You were hungry.

You visited 6 branches of the dungeon, and saw 33 of its levels.
You visited the Abyss 1 time.
You also visited: Labyrinth, Ossuary and Ice Cave.

You collected 3194 gold pieces.
You spent 2099 gold pieces at shops.

Inventory:

Hand weapons
 a - the +7 short sword "Rehois" (weapon) {elec, *Rage rElec rC+}
   (You bought it in a shop on level 4 of the Orcish Mines)

   Occasionally, upon striking a foe, it will discharge some electrical energy
   and cause terrible harm.
   It protects you from cold.
   It insulates you from electricity.
   It may make you go berserk in combat.
 b - the +1 blowgun of Xevin {evade, rPois rF+ Int+2}
   (You bought it in a shop on level 4 of the Orcish Mines)

   It affects your evasion (+5 to EV).
   It affects your intelligence (+2).
   It protects you from fire.
   It protects you from poison.
 L - a +4 dagger of venom
Missiles
 d - 4 needles of confusion
 f - 23 curare-tipped needles
 k - 2 javelins
 p - 36 tomahawks (quivered)
 t - 2 throwing nets
 U - 45 poisoned needles
Armour
 c - a +0 shield of reflection
 r - the +6 leather armour "Ohiphi" (worn) {rF+ Regen+ Str-2 Int+7}
   (You found it on level 12 of the Dungeon)

   It affects your strength (-2).
   It affects your intelligence (+7).
   It protects you from fire.
   It increases your rate of regeneration.
 w - a +2 cloak of magic resistance (worn)
 C - a +2 pair of gloves (worn)
 F - a +3 buckler of protection (worn)
 K - the +1 helmet of the Raven (worn) {rF+ Stlth+}
   (You bought it in a shop on level 4 of the Orcish Mines)

   It protects you from fire.
   It makes you more stealthy.
Jewellery
 e - an amulet of clarity (around neck)
 q - an uncursed ring of see invisible
 B - a +3 ring of protection
 O - the ring of Ocoull {Ice rElec Int+4 Dex+2}
   (You found it in an ice cave)

   [ring of ice]

   It enhances your ice magic, and weakens your fire magic.
   It affects your intelligence (+4).
   It affects your dexterity (+2).
   It makes you vulnerable to fire.
   It protects you from cold.
   It insulates you from electricity.
 R - the ring of Qoproaxa (left hand) {rPois rC+ MP+9 Str-3 Stlth+}
   (You found it on level 8 of the Lair of Beasts)

   [ring of magical power]

   It affects your strength (-3).
   It protects you from cold.
   It protects you from poison.
   It affects your magic capacity (+9).
   It makes you more stealthy.
 X - a ring of invisibility (right hand)
Magical devices
 i - a wand of polymorph (13)
 m - a wand of paralysis (4)
 H - a wand of paralysis (10)
Scrolls
 h - 2 scrolls of identify
 o - 5 scrolls of recharging
 s - 4 scrolls of fear
 u - 4 scrolls of teleportation
 x - a scroll of acquirement {unknown}
 y - 6 scrolls of amnesia
 A - 7 scrolls of remove curse
 N - 3 scrolls of magic mapping
 S - 3 scrolls of fog
Potions
 j - 2 potions of flight
 l - 3 potions of invisibility
 n - 2 potions of cancellation
 z - a potion of might
 E - 4 potions of resistance
 J - 4 potions of haste
 P - 3 potions of brilliance
 Q - 5 potions of curing
 T - 2 potions of heal wounds
 V - 5 potions of agility
 Z - 2 potions of berserk rage
Books
 W - a book of Spatial Translocations

   Spells                             Type                      Level
   a - Apportation                    Translocation                1
   b - Blink                          Translocation                2
   c - Shroud of Golubria             Charms/Translocation         2
   d - Portal Projectile              Translocation                3
   e - Teleport Other                 Translocation                3
   f - Passage of Golubria            Translocation                4
Miscellaneous
 v - a lamp of fire
Comestibles
 g - 19 bread rations
 G - 17 meat rations
 M - 32 fruits
 Y - 3 royal jellies


   Skills:
 - Level 7.9 Fighting
 * Level 13.3 Short Blades
 - Level 11.0 Throwing
 - Level 9.3 Armour
 + Level 11.2 Dodging
 + Level 12.6 Stealth
 * Level 5.5 Shields
 + Level 4.6 Spellcasting
 + Level 8.9 Hexes
 + Level 13.4 Invocations
 - Level 10.4 Evocations


You had 10 spell levels left.
You knew the following spells:

 Your Spells              Type           Power        Failure   Level  Hunger
a - Corona                Hex            ######.      6%          1    None
b - Cure Poison           Pois           #.........   54%         2    #......
c - Cause Fear            Hex            ######....   17%         4    ####...
d - Ensorcelled Hibernat  Hex/Ice        #####.       17%         2    #......
e - Slow                  Hex            ######..     8%          2    #......
f - Tukima's Dance        Hex            ######..     10%         3    ##.....
g - Blink                 Tloc           N/A          54%         2    #......


Dungeon Overview and Level Annotations

Branches:
Dungeon (15/15)            Temple (1/1) D:6            Lair (8/8) D:8
 Shoals (0/4) Lair:4        Snake (4/4) Lair:3        Slime (0/6) Lair:7
    Orc (4/4) D:11            Elf (0/3) Orc:3        Vaults (0/5) D:13
 Depths (1/5) D:15

Altars:
Ashenzari
Cheibriados
Dithmenos
Elyvilon
Fedhas
Gozag
Kikubaaqudgha
Makhleb
Nemelex Xobeh
Okawaru
Qazlal
Ru
Sif Muna
Trog
Vehumet
Xom
Yredelemnul
Zin
The Shining One
Beogh
Jiyva

Shops:
D:6 (   D:11 }   D:12 [   D:15 *   Orc:3 }   Orc:4 =([[   Snake:1 :
Depths:1 (

Portals:
Hell: Depths:1
Pandemonium: Depths:1

Annotations:
D:11 exclusion: 2 obsidian statues


Innate Abilities, Weirdness & Mutations

You have hoof-like feet.
You are completely covered in large bone plates (AC +4, SH +4).
A demonic guardian rushes to your aid.
You regenerate health from kills.
You are resistant to hostile enchantments.
You passively map a small area around you.
Your system is resistant to poisons.
You are robust (+10% HP).
Your muscles are strong. (Str +2)
Your spells are harder to cast, but more powerful.
You evolve.


Message History

The bolt of poison hits the guardian serpent.
The guardian serpent is poisoned.
The bolt of poison hits your ice devil.
Your ice devil completely resists.
The greater naga casts a spell at you. The poison arrow hits you!
You are more poisoned.
You partially resist.
* * * LOW HITPOINT WARNING * * *
The greater naga constricts you. The guardian serpent barely misses you.
The guardian serpent casts a spell at you.
The bolt of poison hits you! You resist.
* * * LOW HITPOINT WARNING * * *
The bolt of poison hits the guardian serpent.
The anaconda releases its grip on your ice devil.
Your spear of piercing hits the naga mage from afar.
The naga mage barely misses you.
Your ice devil hits the guardian serpent.
Your ice devil freezes the guardian serpent!
The greater naga hits you with a flail!!
You die...

, #.#...##.....SN# , , ,
#.#....#...#SS2#* *
#.#....#..##NSN#, , 8,
#.#[)).#).###SSN§N(N.N ,
, #.#.)..#S(# #...N)⌠)..
* #.#)#..#†N# #..N.N....
#.#.#).#S3# ##.#...S8N
#.#.#[N#SS# ####..... ,
#.#.#.S@N.# ....N ,
#.#.#.SNN## *#...⌠ #####
#.#.#...(# , ....#
#.#.##..############## ,
....#
#.#..####.........#..###
....#
#.##......#######.#.....
....# #.#######.#
#.#.#### ##### #.# #.#
####.#.....
#.#######.####....######


You could see a naga warrior, 2 greater nagas, an anaconda, 4 guardian serpents,
a black mamba, a naga mage, a naga, a friendly ice devil and a friendly spear of
piercing.

Vanquished Creatures
  A tentacled starspawn (Abyss:2)
  A tengu reaver (Depths:1)
  4 greater nagas
  2 frost giants
  Louise (D:15)
  An orc warlord (Orc:4)
  A very ugly thing (Depths:1)
  4 stone giants (Depths:1)
  A dire elephant (D:15)
  An ettin (Depths:1)
  Snorg (D:13)
  2 vault guards (D:13)
  A minotaur (Lab)
  Josephine (D:13)
  4 hydras
  Fannar (D:11)
  A great orb of eyes (Depths:1)
  10 anacondas
  3 fire dragons
  5 naga warriors
  Erolcha (D:10)
  2 centaur warriors
  An ogre mage (D:15)
  A dancing weapon (Snake:3)
  A tengu warrior (D:14)
  2 deep troll shamans (Depths:1)
  A deep troll earth mage (Depths:1)
  12 death yaks
  3 naga sharpshooters
  10 shock serpents
  An orc high priest (Orc:4)
  Sonja (Lair:1)
  3 unseen horrors
  A wretched star (Abyss:2)
  6 sea snakes (Snake:4)
  3 skeletal warriors (D:14)
  An iron troll (Depths:1)
  5 deep trolls (Depths:1)
  An ice devil (Depths:1)
  3 naga ritualists
  A giant orange brain (Depths:1)
  A wizard (D:13)
  7 hill giants
  A griffon (Lair:4)
  8 mana vipers
  5 orc knights
  17 ugly things
  7 salamanders
  6 cyclopes
  An orc sorcerer (D:15)
  33 black mambas
  A manticore (Lair:4)
  8 naga magi
  Maurice (D:13)
  15 elephants
  An apocalypse crab (Abyss:2)
  17 spiny frogs
  A spiny frog (shapeshifter) (Depths:1)
  5 guardian serpents
  2 gargoyles (D:13)
  5 yaktaurs
  The ghost of maniek23 the Sneak, an experienced DsAs (D:5)
  11 komodo dragons
  2 efreet (D:15)
  5 fire drakes
  6 trolls
  An ancient zyme (Abyss:2)
  A raiju (Abyss:2)
  A merfolk (D:9)
  2 two-headed ogres
  10 blink frogs
  A freezing wraith (D:15)
  15 polar bears
  A slime creature (D:15)
  A trapdoor spider (Lab)
  A hornet zombie (D:15)
  3 shadows
  A trapdoor spider (shapeshifter) (D:15)
  6 wraiths (D:13)
  3 wyverns
  42 yaks
  A hog (D:15)
  2 water elementals (Depths:1)
  11 hippogriffs
  8 basilisks
  4 fire elementals (D:15)
  A mottled dragon (D:15)
  6 hungry ghosts
  4 wargs
  31 wolves
  A steam dragon (D:12)
  23 nagas
  Edmund (D:6)
  23 orc warriors
  A swamp drake (Lair:8)
  15 porcupines
  A black bear (D:13)
  17 water moccasins
  A large abomination (Abyss:2)
  6 sky beasts
  4 ice beasts
  12 ogres
  4 boggarts (Depths:1)
  A phantom (D:4)
  3 necrophages
  A hornet simulacrum (D:15)
  6 centaurs
  A wasp (D:11)
  12 crocodiles
  2 big kobolds
  A wyvern zombie (D:12)
  Dowan (D:5)
  4 water moccasin zombies (Ossuary)
  2 scorpions
  14 giant frogs
  8 killer bees
  2 electric eels (D:10)
  2 centaur zombies
  4 quasits
  5 centaur skeletons
  7 crimson imps
  6 jellies
  26 orc wizards
  19 orc priests
  11 hounds
  4 iguanas
  Jessica (D:2)
  12 worker ants
  18 sheep
  2 big kobold zombies (Ossuary)
  2 mummies (Ossuary)
  2 worker ant zombies
  14 adders
  3 gnolls (D:5)
  42 river rats
  A white imp (Abyss:1)
  3 oozes
  2 adder zombies (Ossuary)
  2 adder skeletons
  2 worms
  6 giant geckos
  171 orcs
  8 ball pythons
  5 giant cockroaches
  4 hobgoblins
  4 jackals (D:2)
  6 quokkas
  9 bats
  A giant cockroach zombie (D:5)
  A giant gecko zombie (D:5)
  2 giant newts
  4 gnoll zombies (Ossuary)
  8 goblins
  11 hobgoblin zombies (Ossuary)
  A jackal skeleton (D:5)
  19 kobolds
  7 kobold zombies (Ossuary)
  An orc zombie (Ossuary)
  A quokka skeleton (D:6)
  20 rats
  A plant (Lair:8)
1077 creatures vanquished.

Vanquished Creatures (collateral kills)
  A bone dragon (Abyss:2)
  Rupert (Lair:4)
  Gastronok (Lair:1)
  Kirke (D:15)
  Roxanne (D:14)
  Donald (Snake:4)
  A deep elf sorcerer (Abyss:1)
  An emperor scorpion (D:15)
  Aizul (Snake:3)
  Nessos (Orc:4)
  Azrael (D:15)
  A dire elephant (Lair:7)
  A fire dragon (Lair:8)
  A vault guard (D:13)
  A rakshasa (Depths:1)
  4 naga warriors
  A centaur warrior (D:15)
  2 anacondas
  Erica (D:9)
  An ogre mage (D:13)
  9 death yaks
  An orc high priest (Orc:4)
  5 naga sharpshooters
  3 shock serpents
  A thrashing horror (Abyss:1)
  Nergalle (Orc:3)
  A skeletal warrior (D:14)
  A naga ritualist (Snake:4)
  A sea snake (Snake:4)
  A hill giant (D:11)
  Pikel (D:9)
  3 ugly things
  5 mana vipers
  10 black mambas
  3 salamanders
  A centaur zombie (D:15)
  A worldbinder (Abyss:2)
  4 guardian serpents
  11 elephants
  2 spiny frogs
  The ghost of cireshan the Thaumaturge, an experienced DECj (D:7)
  4 naga magi
  A gargoyle (D:11)
  A fire drake (Lair:8)
  An efreet (Abyss:1)
  A red devil (Abyss:1)
  A komodo dragon (Lair:8)
  2 ancient zymes
  A freezing wraith (Abyss:2)
  A polar bear (IceCv)
  2 raiju (Abyss:2)
  2 blink frogs (Lair:1)
  A slime creature (D:15)
  4 small abominations
  20 yaks
  4 basilisks
  A hungry ghost (Abyss:2)
  A human (D:13)
  4 hippogriffs
  2 steam dragons (Lair:8)
  A porcupine (Lair:6)
  4 wolves
  A warg (Orc:4)
  A fire elemental (D:15)
  A deep elf fighter (D:8)
  17 nagas
  2 water moccasins
  Duvessa (D:5)
  11 orc warriors
  3 slaves (D:9)
  A large abomination (Abyss:2)
  A boggart (Depths:1)
  4 crocodiles
  A gnoll sergeant (D:5)
  A giant frog (Lair:6)
  A scorpion (D:5)
  4 killer bees
  A crimson imp (D:9)
  A starcursed mass (Abyss:1)
  A quasit (Abyss:1)
  A jelly (D:8)
  2 orc priests
  3 iguanas (Lair:8)
  6 orc wizards
  A sheep (Lair:4)
  2 gnolls (D:5)
  An adder (D:5)
  A river rat (D:8)
  24 orcs
  6 bats (D:8)
  A ball python (Lair:3)
  4 rats (D:8)
  3 plants (Lair:8)
  2 starspawn tentacles (Abyss:2)
259 creatures vanquished.

Vanquished Creatures (others)
  3 dancing weapons
  A naga sharpshooter (Snake:4)
  A black mamba (Lair:3)
  2 spiny frogs
  A komodo dragon (Lair:2)
  A polar bear (IceCv)
  A flying skull (Abyss:2)
  A yak (Lair:1)
  4 humans (D:15)
  A wolf (Lair:3)
  A slave (D:9)
  A black bear (Lair:3)
  A crocodile (Lair:3)
  An iguana (Lair:4)
  3 river rats
  A shadow imp (D:9)
  11 fungi
  9 plants
  13 starspawn tentacles
  180 starspawn tentacle segments
237 creatures vanquished.

Grand Total: 1573 creatures vanquished

Notes
Turn   | Place    | Note
--------------------------------------------------------------
     0 | D:1      | maniek23 the Demonspawn Assassin began the quest for the Orb.
     0 | D:1      | Reached XP level 1. HP: 16/16 MP: 1/1
    57 | D:1      | Reached skill level 4 in Stealth
    75 | D:1      | Gained mutation: A weak demonic guardian rushes to your aid. [demonic ancestry]
    75 | D:1      | Reached XP level 2. HP: 8/22 MP: 2/2
  1119 | D:2      | Gained mutation: You are partially covered in large bone plates (AC +2, SH +2). [demonic ancestry]
  1119 | D:2      | Reached XP level 3. HP: 23/27 MP: 3/3
  1413 | D:2      | Noticed Jessica
  1424 | D:2      | Killed Jessica
  1424 | D:2      | Reached skill level 1 in Dodging
  1424 | D:2      | Gained mutation: You are mostly covered in large bone plates (AC +3, SH +3). [demonic ancestry]
  1424 | D:2      | Reached XP level 4. HP: 9/33 MP: 4/4
  2258 | D:2      | Reached XP level 5. HP: 11/39 MP: 5/5
  3124 | D:3      | Found a deep blue altar of Sif Muna.
  3339 | D:4      | Noticed a yak
  3339 | D:4      | Noticed a yak
  3442 | D:4      | Noticed a phantom
  3560 | D:4      | Killed a phantom
  3560 | D:4      | Gained mutation: A demonic guardian rushes to your aid. [demonic ancestry]
  3560 | D:4      | Reached XP level 6. HP: 10/47 MP: 6/6
  4062 | D:4      | Found a white marble altar of Elyvilon.
  4062 | D:4      | Found a bloodstained altar of Trog.
  4089 | D:4      | Noticed a yak
  4091 | D:4      | Noticed a yak
  4099 | D:4      | Killed a yak
  4125 | D:4      | Killed a yak
  4125 | D:4      | Reached skill level 5 in Stealth
  4125 | D:4      | Reached XP level 7. HP: 52/52 MP: 7/7
  4126 | D:4      | Killed a yak
  4148 | D:4      | Killed a yak
  4342 | D:4      | Found an iron altar of Okawaru.
  4576 | D:3      | Found a radiant altar of Vehumet.
  4695 | D:5      | Entered Level 5 of the Dungeon
  4978 | D:5      | Noticed maniek23's ghost (experienced DsAs)
  4985 | D:5      | Gained mutation: You regenerate a little health from kills. [demonic ancestry]
  4985 | D:5      | Reached XP level 8. HP: 3/60 MP: 8/8
  4986 | D:5      | Reached skill level 5 in Throwing
  5093 | D:5      | Found a sand-covered staircase.
  5098 | Ossuary  | Entered an ossuary
  5700 | D:5      | Killed maniek23's ghost
  5700 | D:5      | Reached skill level 6 in Stealth
  5768 | D:5      | Got an ancient robe
  5779 | D:5      | Identified the cursed +1 robe "Venoh" {Dex+5} (You found it on level 5 of the Dungeon)
  5820 | D:5      | Noticed Duvessa
  5822 | D:5      | Noticed Dowan
  5830 | D:5      | Killed Duvessa
  5836 | D:5      | Killed Dowan
  6064 | D:5      | Found a sacrificial altar of Ru.
  6217 | D:6      | Gained mutation: You have large cloven feet. [demonic ancestry]
  6217 | D:6      | Reached XP level 9. HP: 67/67 MP: 9/9
  6242 | D:6      | Found a snail-covered altar of Cheibriados.
  6266 | D:6      | Reached skill level 5 in Fighting
  6311 | D:6      | Noticed Edmund
  6318 | D:6      | Found a staircase to the Ecumenical Temple.
  6342 | D:6      | Killed Edmund
  6383 | Temple   | Entered the Ecumenical Temple
  6469 | Temple   | Became a worshipper of Makhleb the Destroyer
  6518 | D:6      | Found a shadowy altar of Dithmenos.
  6519 | D:6      | Found a glowing silver altar of Zin.
  6643 | D:6      | Found an ancient bone altar of Kikubaaqudgha.
  6643 | D:6      | Found a shimmering altar of Xom.
  6791 | D:6      | Found Ykluolaq's Antique Weapon Emporium.
  7294 | D:7      | Reached skill level 5 in Short Blades
  7379 | D:7      | Reached skill level 7 in Throwing
  7584 | D:7      | Reached skill level 5 in Dodging
  7696 | D:7      | Found a glowing golden altar of the Shining One.
  7771 | D:7      | Noticed cireshan's ghost (experienced DECj)
  7780 | D:7      | Killed cireshan's ghost
  7780 | D:7      | Reached skill level 1 in Invocations
  7833 | D:7      | Acquired Makhleb's first power
  8226 | D:8      | Acquired Makhleb's second power
  8248 | D:8      | Reached skill level 1 in Shields
  8248 | D:8      | Gained mutation: You are completely covered in large bone plates (AC +4, SH +4). [demonic ancestry]
  8248 | D:8      | Reached XP level 10. HP: 68/76 MP: 12/12
  8378 | D:8      | Found a staircase to the Lair.
  8911 | D:8      | Reached skill level 8 in Throwing
  8943 | D:8      | Acquired Makhleb's third power
  9184 | D:9      | Noticed a hill giant
  9191 | D:9      | Killed a hill giant
  9191 | D:9      | Reached skill level 5 in Invocations
  9680 | D:9      | Noticed Pikel
  9690 | D:9      | Killed Pikel
  9763 | D:9      | Found a stormy altar of Qazlal.
  9824 | D:9      | Noticed Erica
  9906 | D:9      | Reached skill level 1 in Evocations
  9915 | D:9      | Killed Erica
  9915 | D:9      | Reached XP level 11. HP: 65/83 MP: 15/15
 10291 | D:9      | Noticed a guardian serpent
 10313 | D:9      | Killed a guardian serpent
 10531 | D:10     | Entered Level 10 of the Dungeon
 10699 | D:10     | Acquired Makhleb's fourth power
 10892 | D:10     | Noticed Erolcha
 10895 | D:10     | Killed Erolcha
 10895 | D:10     | Reached skill level 9 in Throwing
 11408 | D:10     | Killed an unseen horror
 11566 | D:11     | Noticed Fannar
 11573 | D:11     | Killed Fannar
 12001 | D:11     | Noticed an obsidian statue
 12001 | D:11     | Noticed an obsidian statue
 12002 | D:11     | Noticed an ice devil
 12331 | D:11     | Found a staircase to the Orcish Mines.
 12617 | D:11     | Found Coc Fuid's Gadget Boutique.
 12620 | D:11     | Bought a wand of paralysis (5) for 77 gold pieces
 12706 | D:11     | Noticed a hill giant
 12724 | D:11     | Killed a hill giant
 12746 | D:11     | Noticed a hill giant
 12751 | D:11     | Killed a hill giant
 12751 | D:11     | Reached XP level 12. HP: 84/91 MP: 16/16
 12764 | D:11     | Learned a level 1 spell: Corona
 13052 | Orc:1    | Entered Level 1 of the Orcish Mines
 13161 | Orc:1    | Acquired Makhleb's fifth power
 13367 | Orc:2    | Found a roughly hewn altar of Beogh.
 13383 | Orc:2    | Found Ygudag's Jewellery Shoppe.
 13743 | Orc:1    | Reached skill level 5 in Evocations
 13822 | Orc:1    | Reached skill level 1 in Hexes
 14256 | Orc:3    | Noticed Nergalle
 14417 | Orc:3    | Killed Nergalle
 14460 | Orc:3    | Found a staircase to the Elven Halls.
 14474 | Orc:3    | Found Vemeraq's Quality Used Wands.
 15402 | Orc:4    | Entered Level 4 of the Orcish Mines
 15964 | Orc:4    | Found a roughly hewn altar of Beogh.
 16039 | Orc:4    | Found Cuapruh's Jewellery Shop.
 16405 | Orc:4    | Found a roughly hewn altar of Beogh.
 16406 | Orc:4    | Found Etesyoh's Antique Armour Shoppe.
 16435 | Orc:4    | Reached skill level 10 in Throwing
 16458 | Orc:4    | Bought a faintly humming helmet for 380 gold pieces
 16458 | Orc:4    | Bought a glowing buckler for 180 gold pieces
 16470 | Orc:4    | Identified the +1 helmet of the Raven {rF+ Stlth+} (You bought it in a shop on level 4 of the Orcish Mines)
 16666 | Orc:4    | Noticed an orc warlord
 16716 | Orc:4    | Killed an orc warlord
 17042 | Orc:4    | Noticed Nessos
 17066 | Orc:4    | Killed Nessos
 17214 | Orc:4    | Found Qaohaghi's Antique Weapon Shoppe.
 17216 | Orc:4    | Found a roughly hewn altar of Beogh.
 17220 | Orc:4    | Found Bisenn's Antique Armour Emporium.
 17243 | Orc:4    | Bought a transparent short sword for 280 gold pieces
 17243 | Orc:4    | Bought a jewelled dagger for 245 gold pieces
 17243 | Orc:4    | Bought a crude blowgun for 262 gold pieces
 17245 | Orc:4    | Identified the +7 short sword "Rehois" {elec, *Rage rElec rC+} (You bought it in a shop on level 4 of the Orcish Mines)
 17250 | Orc:4    | Identified the cursed +1 blowgun of Xevin {evade, rPois rF+ Int+2} (You bought it in a shop on level 4 of the Orcish Mines)
 17254 | Orc:4    | Identified the +5 dagger "Dragon's Tongue" {distort, rPois rC+ SInv Stlth+} (You bought it in a shop on level 4 of the Orcish Mines)
 17791 | D:11     | Upgraded the game from 0.17-a0-1636-g3119f2b to 0.17-a0-1642-gd4b747b
 17978 | Lair:1   | Entered Level 1 of the Lair of Beasts
 18279 | Lair:1   | Noticed Sonja
 18286 | Lair:1   | Killed Sonja
 18286 | Lair:1   | Reached skill level 5 in Shields
 18326 | Lair:1   | Reached XP level 13. HP: 98/98 MP: 18/18
 18373 | Lair:1   | Found a shimmering altar of Xom.
 18435 | Lair:1   | Gained mutation: You evolve. [potion of mutation]
 18435 | Lair:1   | Gained mutation: Your flesh is heat resistant. [potion of mutation]
 18580 | Lair:1   | Noticed Gastronok
 18629 | Lair:1   | Learned a level 2 spell: Cure Poison
 18737 | Lair:1   | Killed Gastronok
 19730 | Lair:3   | Found a staircase to the Snake Pit.
 19783 | Lair:3   | Gained mutation: You can breathe flames. [evolution]
 21154 | Lair:4   | Found a staircase to the Shoals.
 21158 | Lair:4   | Noticed Rupert
 21182 | Lair:4   | Killed Rupert
 21397 | Lair:1   | Cast into the Abyss (a distortion unwield)
 21449 | Abyss:1  | Found a corrupted altar of Lugonu.
 21467 | Abyss:1  | Noticed a starcursed mass
 21493 | Abyss:1  | Got an iridescent falchion
 21573 | Abyss:1  | Noticed a Hell Sentinel
 21584 | Abyss:1  | Found a corrupted altar of Lugonu.
 21684 | Abyss:1  | Noticed a starcursed mass
 21692 | Abyss:1  | Found a corrupted altar of Lugonu.
 21709 | Abyss:1  | Noticed a green very ugly thing
 21709 | Abyss:1  | Noticed a lorocyproca
 21709 | Abyss:1  | Noticed a daeva
 21726 | Abyss:1  | Found a corrupted altar of Lugonu.
 21791 | Abyss:1  | Noticed a tentacled starspawn
 21865 | Abyss:1  | Noticed a starcursed mass
 21889 | Abyss:1  | Noticed a tentacled starspawn
 21896 | Abyss:1  | Found a corrupted altar of Lugonu.
 21916 | Abyss:1  | Noticed a brown very ugly thing
 21972 | Abyss:1  | Noticed a deep elf sorcerer
 22006 | Abyss:1  | Noticed an ironheart preserver
 22008 | Abyss:1  | Killed a deep elf sorcerer
 22009 | Abyss:1  | Killed a starcursed mass
 22033 | Abyss:1  | Lost mutation: You can breathe flames. [potion of beneficial mutation]
 22034 | Abyss:1  | Gained mutation: Your spells are a little harder to cast, but a little more powerful. [potion of beneficial mutation]
 22035 | Abyss:1  | Gained mutation: You passively map a small area around you. [potion of beneficial mutation]
 22205 | Abyss:2  | Gained mutation: Your muscles are strong. (Str +2) [potion of beneficial mutation]
 22224 | Abyss:2  | Paralysed by you for 7 turns
 22236 | Abyss:2  | Found a roughly hewn altar of Beogh.
 22251 | Abyss:2  | Noticed a tentacled starspawn
 22380 | Abyss:2  | Got a twisted ring mail
 22414 | Abyss:2  | Noticed a reaper
 22480 | Abyss:2  | Noticed a bone dragon
 22507 | Abyss:2  | Noticed a black draconian
 22523 | Abyss:2  | Killed a bone dragon
 22525 | Abyss:2  | Reached skill level 11 in Throwing
 22651 | Abyss:2  | Paralysed by a great orb of eyes for 4 turns
 22693 | Abyss:2  | Noticed a reaper
 22738 | Abyss:2  | Noticed a tentacled starspawn
 22754 | Abyss:2  | Killed a tentacled starspawn
 22763 | Abyss:2  | Noticed a balrug
 22778 | Abyss:2  | Killed a balrug
 22824 | Abyss:2  | Noticed a tentacled starspawn
 22854 | Lair:1   | Escaped the Abyss
 23032 | Lair:1   | Identified the +4 ring mail of Plog {MP+9} (You found it on level 2 of the Abyss)
 23068 | Lair:1   | Identified the cursed +1 falchion of Valiance {elec, Str+3 Dex+2} (You found it on level 1 of the Abyss)
 23128 | Lair:3   | Reached XP level 14. HP: 83/83 MP: 16/16
 23191 | Lair:4   | Reached skill level 10 in Stealth
 23362 | Lair:4   | Reached skill level 1 in Armour
 23589 | Lair:4   | Identified Sif Muna's Collected Works on Harmful Flight (You found it on level 4 of the Lair of Beasts)
 23804 | Lair:5   | Found a sparkling altar of Nemelex Xobeh.
 24351 | Lair:5   | Identified the Catalogue of Aerial Self-Improvement (You found it on level 5 of the Lair of Beasts)
 25050 | Lair:6   | Got a faintly glowing robe
 25066 | Lair:6   | Identified the cursed +0 robe of Feom {+Inv rC- rN+ Stlth+} (You found it on level 6 of the Lair of Beasts)
 25885 | Lair:7   | Reached skill level 10 in Invocations
 25902 | Lair:7   | Found a viscous altar of Jiyva.
 25902 | Lair:7   | Found a staircase to the Slime Pits.
 26483 | Lair:7   | Learned a level 4 spell: Cause Fear
 26810 | Lair:7   | Reached skill level 10 in Short Blades
 26810 | Lair:7   | Reached skill level 5 in Armour
 27389 | Lair:8   | Entered Level 8 of the Lair of Beasts
 27602 | Lair:8   | Gained mutation: You have hoof-like feet. [demonic ancestry]
 27602 | Lair:8   | Reached XP level 15. HP: 110/110 MP: 23/23
 27718 | Lair:8   | Identified the Handbook of Harmful Flames (You found it on level 8 of the Lair of Beasts)
 27797 | Lair:8   | Found a labyrinth entrance.
 27810 | Lab      | Entered a labyrinth
 28468 | Lab      | Gained mutation: Your spells are harder to cast, but more powerful. [evolution]
 28640 | Lab      | Got a coiled granite ring
 28737 | Lab      | Identified the ring of Jeacrir {rPois rN+ MR- MP+9} (You took it off a minotaur in a labyrinth)
 29114 | Lair:8   | Learned a level 2 spell: Ensorcelled Hibernation
 29115 | Lair:8   | Got a sparkling bronze ring
 29117 | Lair:8   | Identified the ring of Qoproaxa {rPois rC+ MP+9 Str-3 Stlth+} (You found it on level 8 of the Lair of Beasts)
 30081 | Orc:4    | Bought an uncursed amulet of clarity for 280 gold pieces
 30239 | D:11     | Gained mutation: Your magical capacity is low (-10% MP). [a neqoxec]
 30497 | D:12     | Got a brightly glowing leather armour
 30508 | D:12     | Identified the +6 leather armour "Ohiphi" {rF+ Regen+ Str-2 Int+7} (You found it on level 12 of the Dungeon)
 30758 | D:12     | Found Offar's Antique Armour Shop.
 30761 | D:12     | Bought an embroidered cloak for 148 gold pieces
 30761 | D:12     | Bought a glowing cloak for 148 gold pieces
 31058 | D:13     | Noticed Maurice
 31083 | D:13     | Killed Maurice
 31350 | D:13     | Noticed Snorg
 31356 | D:13     | Killed Snorg
 31570 | D:13     | Noticed Josephine
 31573 | D:13     | Killed Josephine
 31628 | D:13     | Lost mutation: Your magical capacity is low (-10% MP). [evolution]
 31772 | D:13     | Found a gate to the Vaults.
 32013 | D:14     | Lost mutation: Your flesh is heat resistant. [mutagenic meat]
 32014 | D:14     | Gained mutation: You are resistant to hostile enchantments. [mutagenic meat]
 32175 | D:14     | Reached skill level 10 in Dodging
 32211 | D:14     | Learned a level 2 spell: Slow
 32655 | D:14     | Noticed Roxanne
 32689 | D:14     | Killed Roxanne
 32729 | D:14     | Identified Roxanne's Catalogue of Transformation (You took it off Roxanne on level 14 of the Dungeon)
 33218 | D:15     | Entered Level 15 of the Dungeon
 33284 | D:15     | Found a staircase to the Depths.
 33292 | D:15     | Reached XP level 16. HP: 103/116 MP: 24/24
 33450 | D:15     | Found a frozen archway.
 33462 | IceCv    | Entered an ice cave
 33513 | IceCv    | Got a translucent long sword
 33630 | IceCv    | Reached skill level 5 in Hexes
 33708 | IceCv    | Reached skill level 12 in Invocations
 33941 | IceCv    | Identified the cursed +1 long sword of Kodghuepp {freeze, Stlth+} (You found it in an ice cave)
 34015 | IceCv    | Got a wavering bronze ring
 34017 | IceCv    | Identified the ring of Ocoull {Ice rElec Int+4 Dex+2} (You found it in an ice cave)
 34638 | D:15     | Noticed Louise
 34665 | D:15     | Killed Louise
 34665 | D:15     | Reached skill level 1 in Spellcasting
 34690 | D:15     | Noticed Kirke
 34711 | D:15     | Killed Kirke
 35193 | D:15     | Found Toepuc's General Store.
 35197 | D:15     | Bought a scroll of magic mapping for 63 gold pieces
 35197 | D:15     | Bought a scroll of identify for 36 gold pieces
 35337 | D:15     | Noticed Azrael
 35356 | D:15     | Killed Azrael
 35398 | Depths:1 | Entered Level 1 of the Depths
 35484 | Depths:1 | Found a one-way gate leading to the halls of Pandemonium.
 35485 | Depths:1 | Found a shimmering altar of Xom.
 35648 | Depths:1 | Found Iroideri's Weapon Shoppe.
 36093 | Depths:1 | Found a gateway to Hell.
 36572 | Depths:1 | Learned a level 3 spell: Tukima's Dance
 37046 | Snake:1  | Entered Level 1 of the Snake Pit
 37131 | Snake:1  | Reached XP level 17. HP: 87/122 MP: 26/26
 37301 | Snake:1  | Got a warped war axe
 37303 | Snake:1  | Found Leesiq's Book Shop.
 38005 | Snake:2  | Learned a level 2 spell: Blink
 38028 | Snake:2  | Gained mutation: Your system is resistant to poisons. [evolution]
 38064 | Snake:2  | Reached skill level 10 in Evocations
 38796 | Snake:3  | Noticed Aizul
 38817 | Snake:3  | Killed Aizul
 39008 | Snake:3  | Reached skill level 13 in Invocations
 39810 | Snake:4  | Entered Level 4 of the Snake Pit
 40235 | Snake:4  | Noticed Donald
 40255 | Snake:4  | Killed Donald
 40257 | Snake:4  | Gained mutation: You are robust (+10% HP). [potion of beneficial mutation]
 40779 | Snake:4  | Gained mutation: You regenerate health from kills. [demonic ancestry]
 40779 | Snake:4  | Reached XP level 18. HP: 93/141 MP: 28/28
 40830 | Snake:4  | Mangled by a greater naga

Vault maps used:
D:1:      erik_arrival_gehennom
D:2:      minmay_crystal_water, hangedman_abyss_or_decor_stabs, uniq_jessica
D:3:      tgw_sif, nicolae_overflow_hidden_temple
D:4:      nicolae_overflow_crystal_walls, gammafunk_temple_overflow_wave
D:5:      lemuel_round_altar, first_bread, enter_ossuary_5, uniq_duvessa
D:6:      cheibriados_altar_1, gammafunk_temple_overflow_statue,
          gammafunk_temple_overflow_elements, minmay_temple_entry_glass,
          serial_shops, nicolae_shop_window_shopping, hangedman_decor_points,
          kennysheep_diamond, uniq_edmund
D:7:      nicolae_tso_carved_into_rock
D:8:      grunt_lair_entry_elf_guard_hut
D:9:      grunt_qazlal_clouds, hangedman_fish_farm, nicolae_sextant,
          nrook_guardian_serpent_ordinary, uniq_pikel, uniq_erica
D:10:     uniq_erolcha
D:11:     david_orc_2, serial_shops, shop, david_greed, uniq_fannar
D:12:     serial_shops, nicolae_shop_behind_doors
D:13:     grunt_vaults_entry_fortified, uniq_josephine, uniq_snorg, uniq_maurice
D:14:     glass_columns_c, kennysheep_generic_room_16, uniq_roxanne
D:15:     hangedman_depths_entry_try_elsewhere_first, serial_park_gazebo,
          serial_shops, shop, portal_ice_cave_entry_pillars_02, uniq_louise,
          uniq_azrael, uniq_kirke
Temple:   circular_temple_6
Lair:1:   basic_altar, beast_lair_carwin_6, grunt_megastairs_4, uniq_gastronok,
          uniq_sonja
Lair:2:   cheibrodos_lair_caveside_slide, nicolae_quartered_pool_super
Lair:3:   minmay_snake_entry_six_corridors, grunt_forest_large_clearings
Lair:4:   minmay_shoals_entry_beasts, grunt_megastairs_3, lemuel_fruit_fields,
          uniq_rupert
Lair:5:   basic_altar, lemuel_fruit_tree
Lair:6:   grunt_megastairs_2
Lair:7:   beast_lair_carwin_large_4, dpeg_slime_entry_enclosed_altar,
          serial_forest, infiniplex_forest_straight_5,
          infiniplex_forest_clump_large, infiniplex_forest_clump_tiny,
          infiniplex_forest_lined_3, infiniplex_forest_clump_C,
          infiniplex_forest_straight_1
Lair:8:   guppyfry_lair_end_dragon, lab_entry_generic, st_stairs_13,
          lemuel_fruit_fields
Snake:1:  serial_shops, nicolae_shop_crystal
Snake:3:  st_stairs_11, uniq_aizul
Snake:4:  grunt_snake_rune_serpentine_throne, st_stairs_13,
          nicolae_snake_springs, serial_bayou_shore_b, uniq_donald
Orc:2:    serial_shops, nicolae_shop_crystal, basic_altar
Orc:3:    nicolae_orc_pool_cavern, nicolae_orc_lava_tube,
          nicolae_for_you_no_charge, uniq_nergalle
Orc:4:    grunt_orc_community_town_hall, grunt_orc_community_big_house_1,
          grunt_orc_community_big_house_1, grunt_orc_community_house_1,
          grunt_orc_community_house_2, grunt_orc_community_house_3,
          grunt_orc_community_house_3, uniq_nessos
Depths:1: pan_entry, serial_bayou_pond_d, serial_shops, nicolae_shop_crystal,
          pf_coc_iceberg, minmay_misc_feat_nine_boxes, minmay_statues_item,
          library_closet, xom_teletrap_fun
Abyss:2:  hangedman_eye_storm
Lab:      nicolae_lab_dead_adventurers, nicolae_lab_checkerboard,
          nicolae_lab_hexagon, nicolae_lab_blocks, nicolae_lab_do_over,
          nicolae_lab_grate, nicolae_lab_t_cross, nicolae_lab_quarters,
          lab_statue
Ossuary:  ossuary_tomb_2
IceCv:    ice_cave_caverns_03

Action                   |  1- 3 |  4- 6 |  7- 9 | 10-12 | 13-15 | 16-18 || total
-------------------------+-------+-------+-------+-------+-------+-------++-------
Melee: Dagger            |    62 |   293 |   514 |   859 |   296 |       ||  2024
       Short sword       |       |       |   124 |   393 |  1131 |  1457 ||  3105
 Fire: Blowgun           |     6 |    39 |    79 |   150 |    11 |    22 ||   307
Throw: Stone             |    16 |    31 |    37 |     9 |       |       ||    93
       Tomahawk          |       |     4 |    10 |    22 |   135 |    81 ||   252
       Throwing net      |       |       |       |     1 |       |       ||     1
       Javelin           |       |       |       |       |     1 |     6 ||     7
 Cast: Corona            |       |       |       |     3 |       |     1 ||     4
       Ensorcelled Hiber |       |       |       |       |       |    31 ||    31
       Slow              |       |       |       |       |       |     1 ||     1
       Tukima's Dance    |       |       |       |       |       |    48 ||    48
       Cause Fear        |       |       |       |       |       |     1 ||     1
       Cure Poison       |       |       |       |       |       |     1 ||     1
Invok: Minor Destruction |       |       |       |    60 |     1 |       ||    61
       Lesser Servant of |       |       |       |     2 |     2 |       ||     4
       Major Destruction |       |       |       |     8 |    14 |    18 ||    40
       Greater Servant o |       |       |       |     3 |    11 |     5 ||    19
 Abil: Breathe Fire      |       |       |       |       |     2 |       ||     2
       Evoke Invisibilit |       |       |       |       |     4 |     2 ||     6
Evoke: Wand              |       |       |       |       |     9 |     9 ||    18
  Use: Scroll            |       |     3 |    10 |    15 |    26 |     4 ||    58
       Potion            |       |       |     1 |       |    14 |     7 ||    22
 Stab: Sleeping          |     9 |    10 |    18 |    51 |    77 |    37 ||   202
       Distracted        |       |     1 |     3 |    14 |    15 |    19 ||    52
       Invisible         |       |       |       |       |    14 |     6 ||    20
       Paralysed         |       |       |       |       |     3 |     2 ||     5
       Fleeing           |       |       |       |       |     1 |     2 ||     3
       Confused          |       |       |       |       |       |     2 ||     2
  Eat: Chunk             |     1 |     8 |     7 |    32 |    48 |    32 ||   128
       Fruit             |       |     1 |     1 |     5 |     9 |     1 ||    17
       Meat ration       |       |       |     1 |       |     1 |       ||     2
       Beef jerky        |       |       |     1 |       |       |       ||     1
       Pizza             |       |       |       |       |     8 |     1 ||     9
